[Event "Early-Titled-Tuesday-Blitz-October-17-2023"]
[Site "Chess.com"]
[Date "2023.10.17"]
[Round "1"]
[White "Alphafischer2019"]
[Black "ljm509"]
[Result "1-0"]
[WhiteElo "2586"]
[BlackElo "2252"]
[TimeControl "180+1"]
[EndTime "8:04:57 PDT"]
[Termination "Alphafischer2019 won by resignation"]

1. Nf3 Nf6 2. g3 g6 3. Bg2 Bg7 4. O-O O-O 5. c4 c5 6. d4 cxd4 7. Nxd4 Nc6 8. Nc3 Nxd4 9. Qxd4 d6 10. Qh4 a6 11. Rd1 Qa5 12. Bh6 Rb8 13. Bxg7 Kxg7 14. Qd4 Qc5 15. a3 Qxd4 16. Rxd4 Be6 17. e4 Rfc8 18.
Nd5 Bxd5 19. exd5 b5 20. cxb5 Rxb5 21. b4 a5 22. Bf1 Rxd5 23. Rxd5 Nxd5 24. bxa5 Ra8 25. a6 Nc7 26. a4 Nxa6 27. a5 Nc5 28.
a6 Ra7 29. f4 Kf6 30. Kf2 e6 31. Ke3 Ke7 32. Kd4 Kd7 33. Bb5+ Kc7 34. Kc4 Kb6 35. Rb1 Nxa6 36. Be8+ Ka5 37. Rb5+ Ka4 38. Rb7+ 1-0

[Event "Early-Titled-Tuesday-Blitz-October-17-2023"]
[Site "Chess.com"]
[Date "2023.10.17"]
[Round "1"]
[White "eljanov"]
[Black "Kleyton_Lima"]
[Result "1-0"]
[WhiteElo "2872"]
[BlackElo "2503"]
[TimeControl "180+1"]
[EndTime "8:04:58 PDT"]
[Termination "eljanov won by resignation"]

1. d4 Nf6 2. c4 g6 3. Nc3 d5 4. cxd5 Nxd5 5. e4 Nxc3 6. bxc3 Bg7 7. Nf3 c5 8. h3 O-O 9. Be2 b6 10. Be3 Bb7 11. Qd3 e6 12. O-O cxd4 13. cxd4 Nc6 14. Rfd1 Qd6 15. Rac1 Rfc8 16. h4 h6 17. h5 g5 18. e5 Qd7 19. Nd2 Nb4 20. Qb1 Nd5 21.
Ne4 Nxe3 22. fxe3 Bxe4 23. Qxe4 Rxc1 24. Rxc1 Rc8 25. Rf1 Qd5 26. Qxd5 exd5 27. Bf3 Rd8 28. Bg4 Bf8 29. Rf6 Kg7 30. Rc6 Kg8 31. Rc7 Ra8 32. Bf3 a5 33. Bxd5 b5 34. Bxa8 1-0

[Event "Early-Titled-Tuesday-Blitz-October-17-2023"]
[Site "Chess.com"]
[Date "2023.10.17"]
[Round "1"]
[White "Fore_Man"]
[Black "Kostya0705"]
[Result "0-1"]
[WhiteElo "2317"]
[BlackElo "2622"]
[TimeControl "180+1"]
[EndTime "8:05:09 PDT"]
[Termination "Kostya0705 won by checkmate"]

1. Nf3 Nf6 2. c4 e6 3. d4 d5 4. g3 Bb4+ 5. Bd2 a5 6. a3 Be7 7. Bg2 O-O 8. Qc2 c6 9. O-O Nbd7 10. Ne5 Nxe5 11. dxe5 Nd7 12. f4 b5 13. cxd5 cxd5 14. e4 d4 15. a4 b4 16. Rd1 Qb6 17. Kh1 Ba6 18. b3 Rac8 19. Qb2 Be2 20. Re1 Bd3 21. Rc1 Qa6 22. f5 Rxc1+ 23. Bxc1 Rc8 24. Nd2 Rc2 25. Qxd4 Nxe5 26. Qxe5 Bf6 27. Qb8+ Rc8 28. Qf4 Bxa1 29. Nf3 e5 30. Qe3 Bd4 31. Nxd4 exd4 32. Qf4 Qc6 33.
Bd2 Qc2 34. Bf3 Qb1+ 35. Kg2 Qf1# 0-1

[Event "Early-Titled-Tuesday-Blitz-October-17-2023"]
[Site "Chess.com"]
[Date "2023.10.17"]
[Round "1"]
[White "Maect19"]
[Black "SanchezKelvin"]
[Result "0-1"]
[WhiteElo "2212"]
[BlackElo "2571"]
[TimeControl "180+1"]
[EndTime "8:05:13 PDT"]
[Termination "SanchezKelvin won by resignation"]

1. d4 d5 2. Nf3 Nf6 3. e3 c5 4.
Bd3 Nc6 5. O-O c4 6. Be2 Bg4 7. Nbd2 e6 8. c3 Bd6 9. h3 Bxf3 10. Bxf3 b5 11. e4 dxe4 12. Nxe4 Nd5 13. Bg5 Be7 14. Bxe7 Ncxe7 15. Nc5 O-O 16. Qe2 Qd6 17.
Rfe1 Rab8 18. a3 a5 19. Qe5 Rfd8 20. g3 Qxe5 21. Rxe5 b4 22. axb4 axb4 23. Na6 Ra8 24. cxb4 Nc6 25. Ree1 Nxd4 26. Bxd5 exd5 27. Nc7 Rac8 28.
Red1 Nc2 29. Ra7 Nxb4 30. Rxd5 Nxd5 0-1

[Event "Early-Titled-Tuesday-Blitz-October-17-2023"]
[Site "Chess.com"]
[Date "2023.10.17"]
[Round "1"]
[White "mitrabhaa"]
[Black "atalz0"]
[Result "0-1"]
[WhiteElo "2846"]
[BlackElo "2518"]
[TimeControl "180+1"]
[EndTime "8:05:16 PDT"]
[Termination "atalz0 won by resignation"]

1. Nf3 Nf6 2. g3 b5 3. Bg2 Bb7 4. O-O e6 5. d3 Be7 6. e4 d6 7. Nh4 Nfd7 8. Nf3 O-O 9. Nbd2 c5 10. Re1 Nc6 11. h4 h6 12. Nf1 a5 13. N1h2 Nde5 14. Nxe5 dxe5 15. Qh5 Qe8 16. Ng4 f6 17. Qxe8 Raxe8 18. Ne3 a4 19. b3 Ra8 20. Rb1 axb3 21. Rxb3 Nd4 22. Rb2 b4 23. Bd2 Ra7 24. Nc4 Rfa8 25. c3 bxc3 26. Bxc3 Ba6 27. Nb6 Rb8 28. Rd1 Rab7 29.
Na4 Rxb2 30. Nxb2 Ne2+ 0-1

[Event "Early-Titled-Tuesday-Blitz-October-17-2023"]
[Site "Chess.com"]
[Date "2023.10.17"]
[Round "1"]
[White "wannabe2700"]
[Black "InitiatingASC"]
[Result "1-0"]
[WhiteElo "2644"]
[BlackElo "2354"]
[TimeControl "180+1"]
[EndTime "8:05:23 PDT"]
[Termination "wannabe2700 won by resignation"]

1. e4 c5 2. Nf3 Nc6 3. d4 cxd4 4. Nxd4 Nf6 5. Nc3 e5 6. Ndb5 h6 7. Nd5 Nxd5 8. exd5 a6 9. dxc6 axb5 10. cxd7+ Bxd7 11. Qd5 Qc7 12. Bd2 b4 13. Bc4 Bc6 14. Bb5 Rd8 15. Qc4 Qd7 16. Bxc6 Qxc6 17. Qxc6+ bxc6 18. Ke2 Bc5 19. a3 bxa3 20. b4 Bxf2 21. Rxa3 O-O 22.
Ra6 c5 23. b5 c4 24. Bb4 Bd4 25. Bxf8 Rxf8 26. b6 Rb8 27. Rb1 Rb7 28. c3 Bc5 29. Rb5 Bg1 30. Kf3 f6 31. Ke4 Kh7 32. Kd5 1-0

[Event "Early-Titled-Tuesday-Blitz-October-17-2023"]
[Site "Chess.com"]
[Date "2023.10.17"]
[Round "1"]
[White "jcibarra"]
[Black "themind1hunter"]
[Result "1-0"]
[WhiteElo "2903"]
[BlackElo "2509"]
[TimeControl "180+1"]
[EndTime "8:05:24 PDT"]
[Termination "jcibarra won by resignation"]

1. e4 c5 2. Nf3 d6 3. d4 cxd4 4. Nxd4 Nf6 5. Nc3 a6 6. g3 e5 7.
Nb3 Be7 8. Bg5 O-O 9. Bxf6 Bxf6 10.
Qd3 Be7 11. O-O-O Be6 12. f4 Nc6 13. Kb1 b5 14. f5 Bxb3 15. axb3 Nd4 16. Nd5 Re8 17. c3 Nxb3 18. h4 Bf8 19. Qc2 Nc5 20. g4 Rb8 21. g5 a5 22. g6 fxg6 23. fxg6 h6 24. Rh3 b4 25. Bc4 Kh8 26. Rf1 Qd7 27.
Rhf3 b3 28. Qf2 Ne6 29. Nb6 Qe7 30. Bxe6 Qxe6 31. Rxf8+ Rxf8 32. Qxf8+ 1-0

[Event "Early-Titled-Tuesday-Blitz-October-17-2023"]
[Site "Chess.com"]
[Date "2023.10.17"]
[Round "1"]
[White "KVAIDAN"]
[Black "ChessRespected"]
[Result "0-1"]
[WhiteElo "2258"]
[BlackElo "2591"]
[TimeControl "180+1"]
[EndTime "8:05:27 PDT"]
[Termination "ChessRespected won by checkmate"]

1. f4 d5 2. Nf3 Nc6 3. e3 Bg4 4. Bb5 e6 5. b3 Ne7 6. Bb2 a6 7. Bxc6+ Nxc6 8. h3 Bh5 9. Nc3 Bc5 10. Qe2 d4 11.
Ne4 Ba7 12. O-O-O d3 13. Qxd3 Qxd3 14. cxd3 Bxf3 15. gxf3 Nb4 16. Bxg7 Rg8 17. Nf6+ Ke7 18. Nxg8+ Rxg8 19. Rhg1 Nxd3+ 20. Kb1 Rd8 21. Bh6 Nf2 22. Rdf1 Rxd2 23. Rg2 Bxe3 24. Bg5+ f6 25. Bh4 Ne4 26.
fxe4 Rxg2 27. e5 Bd4 28. Rd1 c5 29. b4 Rb2+ 30. Kc1 Rxb4 31. Bxf6+ Kf7 32. h4 h5 33. Rd3 Kg6 34. Rg3+ Kf5 35. Rg5+ Ke4 36. Rxh5 Kd3 37. f5 Be3+ 38. Kd1 Rb1# 0-1

[Event "Early-Titled-Tuesday-Blitz-October-17-2023"]
[Site "Chess.com"]
[Date "2023.10.17"]
[Round "1"]
[White "LangesNasenhaar"]
[Black "Gravity_Chess"]
[Result "0-1"]
[WhiteElo "2491"]
[BlackElo "2852"]
[TimeControl "180+1"]
[EndTime "8:05:32 PDT"]
[Termination "Gravity_Chess won on time"]

1. d4 Nf6 2. Nc3 d5 3. Bf4 e6 4.
Nb5 Na6 5. e3 Be7 6. Nf3 O-O 7. h4 c6 8. Nc3 c5 9. a3 Bd7 10. Ne5 Rc8 11. h5 cxd4 12. exd4 Ne4 13. Nxe4 dxe4 14. h6 g6 15. Nxd7 Qxd7 16. c3 Bd6 17.
Be3 Nc7 18. c4 Rcd8 19. Qb3 b6 20. O-O-O Be7 21. g3 b5 22. Kb1 bxc4 23. Bxc4 Rb8 24. Qc2 Bxa3 25. Bc1 Nd5 26. Rhe1 Rfc8 27. b3 Bb4 28.
Bd2 f5 29. Bxb4 Rxb4 30. Kc1 a5 31. Kd2 a4 0-1

[Event "Early-Titled-Tuesday-Blitz-October-17-2023"]
[Site "Chess.com"]
[Date "2023.10.17"]
[Round "1"]
[White "CristianS27"]
[Black "DrVelja"]
[Result "1-0"]
[WhiteElo "2513"]
[BlackElo "2841"]
[TimeControl "180+1"]
[EndTime "8:05:33 PDT"]
[Termination "CristianS27 won by resignation"]

1. e4 c5 2. Nf3 Nc6 3. d4 cxd4 4.
Nxd4 Nf6 5. Nc3 e5 6. Ndb5 d6 7. Bg5 a6 8. Na3 b5 9. Bxf6 gxf6 10. Nd5 Bg7 11. g3 Ne7 12. Nxe7 Qxe7 13. Bg2 Be6 14. c3 Rd8 15. Nc2 f5 16. exf5 Bxf5 17. Ne3 Be6 18. Nd5 Qa7 19. a4 Qb8 20. axb5 axb5 21. Ra8 Qxa8 22. Nc7+ Kd7 23. Nxa8 Rxa8 24. Bxa8 Rxa8 25.
O-O f5 26. Qh5 h6 27. Rd1 Ke7 28. Qh4+ Kd7 29. Qb4 Bf8 30. Qxb5+ Kc7 31. b4 Be7 32. Qe2 Ra3 33. c4 e4 34. Qb2 Ra8 35. Qg7 Re8 36. c5 1-0

[Event "Early-Titled-Tuesday-Blitz-October-17-2023"]
[Site "Chess.com"]
[Date "2023.10.17"]
[Round "1"]
[White "ActorXu"]
[Black "secretsuperstar7"]
[Result "1-0"]
[WhiteElo "2775"]
[BlackElo "2453"]
[TimeControl "180+1"]
[EndTime "8:05:33 PDT"]
[Termination "ActorXu won by resignation"]

1. e4 c5 2. Nf3 Nc6 3. Bb5 g6 4. O-O Bg7 5. c3 Nf6 6. Re1 O-O 7. d4 cxd4 8. cxd4 d5 9. e5 Ne4 10. Bxc6 bxc6 11. Be3 Rb8 12. Qc1 Qb6 13. b3 a5 14.
Nc3 Nxc3 15. Qxc3 Bd7 16. Bf4 Ra8 17. Rec1 Ra7 18. Ne1 f6 19. Nd3 Bf5 20. Nc5 fxe5 21. Bxe5 Bh6 22. Re1 Qb4 23. Qg3 Bd2 24. Re2 Qc3 25. Qxc3 Bxc3 26. Rc1 Bb4 27. f3 Kf7 28. Kf2 Rc8 29. g4 Bd7 30. Ke3 Ba3 31. Rcc2 Bb4 32. h4 h5 33. Rg2 hxg4 34. fxg4 Rh8 35. Bxh8 1-0

[Event "Early-Titled-Tuesday-Blitz-October-17-2023"]
[Site "Chess.com"]
[Date "2023.10.17"]
[Round "1"]
[White "TigrVShlyape"]
[Black "topin8"]
[Result "1-0"]
[WhiteElo "2853"]
[BlackElo "2493"]
[TimeControl "180+1"]
[EndTime "8:05:35 PDT"]
[Termination "TigrVShlyape won on time"]

1. d4 Nf6 2. Bf4 c5 3. e3 Qb6 4. Na3 d5 5. Nb5 Na6 6. c3 Bd7 7. a4 e6 8. Nf3 Be7 9. Ne5 O-O 10. Nxd7 Nxd7 11. a5 Qc6 12. Qa4 c4 13. Nd6 f6 14.
Qxc6 bxc6 15. Nxc4 Nab8 16. Nd2 e5 17. Bg3 c5 18.
dxe5 fxe5 19. e4 Kh8 20. exd5 Nf6 21. Bc4 Nbd7 22. O-O Rab8 23. b3 g5 24. Rfe1 Bd6 25.
Nf3 h6 26. Nxe5 Nxe5 27. Bxe5 Bxe5 28. Rxe5 Ng4 29. Re2 1-0

[Event "Early-Titled-Tuesday-Blitz-October-17-2023"]
[Site "Chess.com"]
[Date "2023.10.17"]
[Round "1"]
[White "JuniorJumper"]
[Black "ChesscularGodofchess"]
[Result "1-0"]
[WhiteElo "2562"]
[BlackElo "2182"]
[TimeControl "180+1"]
[EndTime "8:05:39 PDT"]
[Termination "JuniorJumper won by checkmate"]

1. Nf3 Nf6 2. g3 d5 3. Bg2 c6 4.
b3 g6 5. Bb2 Bg7 6. O-O O-O 7.
d3 Bg4 8. Nbd2 Nbd7 9. h3 Bxf3 10. Nxf3 Qc7 11. Re1 e5 12. e4 dxe4 13. dxe4 Rfd8 14. Qe2 Bf8 15. Rad1 Bc5 16. Rd3 a5 17. a3 Ne8 18.
Red1 f6 19. Rxd7 Bxf2+ 20. Qxf2 Rxd7 21. Rxd7 Qxd7 22. Bf1 b5 23. a4 Nc7 24. axb5 cxb5 25.
Qb6 Kg7 26. Nxe5 Qe7 27. Ng4 Qxe4 28. Qxf6+ Kg8 29. Nh6# 1-0

[Event "Early-Titled-Tuesday-Blitz-October-17-2023"]
[Site "Chess.com"]
[Date "2023.10.17"]
[Round "1"]
[White "Balla_Tamas"]
[Black "Zavgorodniy_Sergiy"]
[Result "0-1"]
[WhiteElo "2402"]
[BlackElo "2678"]
[TimeControl "180+1"]
[EndTime "8:05:41 PDT"]
[Termination "Zavgorodniy_Sergiy won by resignation"]

1. e4 e5 2. Nf3 d6 3. d4 exd4 4.
Nxd4 Nf6 5. f3 Be7 6. c4 O-O 7. Nc3 c6 8. Be3 d5 9. cxd5 cxd5 10. e5 Nfd7 11. e6 Nf6 12. exf7+ Rxf7 13. Bd3 Nc6 14. O-O Bd6 15. Kh1 a6 16. Qb3 Bc7 17. Nce2 Ne5 18. Bf5 Nc4 19. Bg1 Nd2 20. Qc3 Nxf1 21. Rxf1 Bxf5 22. Nxf5 Rc8 23. Qb3 Qd7 24. Ned4 Be5 25. Re1 Bxd4 26. Nxd4 Re7 27. Rd1 b5 28. a4 bxa4 29.
Qb6 Rce8 30. Qxa6 h6 31. Nc6 Re1 32. Rxe1 Rxe1 33. Qa8+ Qe8 34. Qa7 Qxc6 0-1

[Event "Early-Titled-Tuesday-Blitz-October-17-2023"]
[Site "Chess.com"]
[Date "2023.10.17"]
[Round "1"]
[White "SCIM"]
[Black "pinguino120"]
[Result "1-0"]
[WhiteElo "2569"]
[BlackElo "2209"]
[TimeControl "180+1"]
[EndTime "8:05:43 PDT"]
[Termination "SCIM won by resignation"]

1. d4 d5 2. Nc3 Nf6 3. Bf4 e6 4. e3 a6 5. Bd3 Bd6 6. Nf3 c5 7. dxc5 Bxf4 8. exf4 Qa5 9. O-O O-O 10. Re1 Qxc5 11.
Qe2 b5 12. Rad1 Nc6 13. a3 Bb7 14. Nb1 Rfe8 15. Nbd2 Nd4 16. Nxd4 Qxd4 17. Qe5 Qb6 18. Nf3 Ng4 19. Qe2 h6 20. h3 Nf6 21.
Ne5 Rac8 22. c3 Ne4 23. Bxe4 dxe4 24. Rd7 Rc7 25. Red1 f6 26. Rxc7 Qxc7 27. Rd7 Qc5 28. Qg4 Qf8 29. Rf7 Qxf7 30. Nxf7 Kxf7 31. Qh5+ Kf8 32. Qc5+ Kf7 33. Qd6 f5 34. Kf1 Re7 35. g3 Ke8 36. Ke2 a5 37. Ke3 Bd5 38. Qb8+ Kf7 39. Qxb5 1-0

[Event "Early-Titled-Tuesday-Blitz-October-17-2023"]
[Site "Chess.com"]
[Date "2023.10.17"]
[Round "1"]
[White "HajiyevKanan"]
[Black "Jospem"]
[Result "0-1"]
[WhiteElo "2527"]
[BlackElo "3103"]
[TimeControl "180+1"]
[EndTime "8:05:44 PDT"]
[Termination "Jospem won on time"]

1. d4 Nf6 2. Nf3 e6 3. c4 Bb4+ 4. Bd2 c5 5. e3 b6 6. Bd3 Bb7 7. O-O O-O 8. Bxb4 cxb4 9. Nbd2 a5 10. Qc2 d6 11. a3 Na6 12. Rfc1 h6 13. Ne4 Rc8 14. Nxf6+ Qxf6 15. Qe2 e5 16. d5 Nc5 17. axb4 Nb3 18. bxa5 bxa5 19. Rcb1 Nxa1 20. Rxa1 Ra8 21. Nd2 Qd8 22. Qg4 Bc8 23. Qh5 f5 24. g4 e4 25.
Bc2 Qf6 26. Ra2 Rb8 27. b3 Qc3 28. Nf1 a4 29. bxa4 Qxc4 30. gxf5 Qxa2 31. Bxe4 Qxa4 32.
f3 Qe8 33. Qg4 Qf7 34. f6 Bxg4 0-1

[Event "Early-Titled-Tuesday-Blitz-October-17-2023"]
[Site "Chess.com"]
[Date "2023.10.17"]
[Round "1"]
[White "Mystery2007"]
[Black "lamomiajunior"]
[Result "1-0"]
[WhiteElo "2464"]
[BlackElo "2728"]
[TimeControl "180+1"]
[EndTime "8:05:49 PDT"]
[Termination "Mystery2007 won by resignation"]

1. e4 c6 2. Nf3 d5 3. d3 g6 4.
g3 Bg7 5. Bg2 e5 6. O-O Ne7 7.
Re1 Nd7 8. Nbd2 O-O 9. c3 a5 10. a4 b6 11. Qc2 Ba6 12. d4 exd4 13. cxd4 Rc8 14. Qb3 c5 15. exd5 c4 16. Qa3 Nxd5 17. Ne4 Nb4 18. Qc3 Nf6 19. Bg5 Nxe4 20. Rxe4 Qd6 21. Be7 Qc6 22. Ne5 Qc7 23. Bxf8 Bxf8 24. Rf4 f5 25. Re1 Bh6 26. Rf3 Bb7 27. h4 Bxf3 28.
Bxf3 Bg7 29. b3 Rd8 30. bxc4 Bxe5 31. Rxe5 Qd7 32. d5 Qxa4 33. Re7 1-0

[Event "Early-Titled-Tuesday-Blitz-October-17-2023"]
[Site "Chess.com"]
[Date "2023.10.17"]
[Round "1"]
[White "Caterpiller35"]
[Black "zimmm36"]
[Result "1-0"]
[WhiteElo "2457"]
[BlackElo "2711"]
[TimeControl "180+1"]
[EndTime "8:05:49 PDT"]
[Termination "Caterpiller35 won by resignation"]

1. d4 Nf6 2. Bg5 e6 3. e4 h6 4.
Bxf6 Qxf6 5. c3 g6 6. Bd3 Bg7 7. Ne2 Qe7 8. O-O O-O 9. f4 d6 10. Nd2 Nd7 11. Qe1 b6 12. Qg3 Bb7 13. Rae1 Kh7 14. e5 c5 15. Ne4 Bxe4 16. Bxe4 d5 17. Bb1 cxd4 18. cxd4 Qb4 19. h4 h5 20. Qf3 Kg8 21. g4 hxg4 22. Qxg4 Rfc8 23. h5 gxh5 24.
Qxh5 f5 25. Qg6 Nf8 26. Qh5 Qd2 27. Rd1 Qe3+ 28. Rf2 Rc7 29. Rd3 Qe4 30. Rg2 Rac8 31.
Kh2 Re7 32. Rg1 b5 33. Rdg3 Rc2 34. Bxc2 Qxc2 35. R1g2 Qc7 36. Qh6 Nh7 37. Nc3 a6 38.
Rh3 Nf8 39. Qh8+ Kf7 40. Rxg7+ Ke8 41. Rhg3 b4 42. Rxe7+ Qxe7 43. Rg7 Qd8 44. Rg8 Qe7 45. Rxf8+ Qxf8 46. Qxf8+ Kxf8 47. Na4 Ke7 48. Nc5 a5 49. b3 Kf7 50. Kg3 Ke7 51. Kh4 Kf7 52. Kg5 Kg7 53. Nxe6+ 1-0

[Event "Early-Titled-Tuesday-Blitz-October-17-2023"]
[Site "Chess.com"]
[Date "2023.10.17"]
[Round "1"]
[White "Doomfist26"]
[Black "AndresDelgado77"]
[Result "1-0"]
[WhiteElo "2632"]
[BlackElo "2329"]
[TimeControl "180+1"]
[EndTime "8:05:49 PDT"]
[Termination "Doomfist26 won on time"]

1. e4 e6 2. d4 d5 3. Nc3 Nf6 4. e5 Nfd7 5. Nce2 b6 6. Nf3 Ba6 7. g3 c5 8. c3 Nc6 9. Bg2 Rc8 10. O-O cxd4 11. cxd4 Nb4 12. a3 Nd3 13. Bg5 f6 14.
exf6 gxf6 15. Qa4 Bc4 16. Bh4 Nxb2 17. Qc2 Nd3 18. Rfd1 Bb5 19. Qb1 Nxf2 20. Kxf2 Bxe2 21. Kxe2 Be7 22. Kf2 O-O 23. Re1 f5 24. Rxe6 1-0

[Event "Early-Titled-Tuesday-Blitz-October-17-2023"]
[Site "Chess.com"]
[Date "2023.10.17"]
[Round "1"]
[White "Mikhail_Golubev"]
[Black "AleksandrAleksikov"]
[Result "1-0"]
[WhiteElo "2580"]
[BlackElo "2244"]
[TimeControl "180+1"]
[EndTime "8:05:49 PDT"]
[Termination "Mikhail_Golubev won by resignation"]

1. e4 c5 2. Nf3 d6 3. d4 Nf6 4.
Nc3 cxd4 5. Nxd4 a6 6. Bc4 e6 7. O-O b5 8. Bb3 Qd7 9. a4 b4 10. a5 Qb7 11. Na4 Nbd7 12. f3 Nc5 13. Nxc5 dxc5 14. Ne2 Bd7 15. c4 Bc6 16. Ba4 Rd8 17. Bxc6+ Qxc6 18. Qc2 Bd6 19. Bf4 Bxf4 20. Nxf4 O-O 21. e5 Nd7 22. Nd3 Qc7 23. Rfd1 Nxe5 24. Nf2 Nc6 25. Ne4 Nd4 1-0

[Event "Early-Titled-Tuesday-Blitz-October-17-2023"]
[Site "Chess.com"]
[Date "2023.10.17"]
[Round "1"]
[White "NM_Antelacus"]
[Black "Semetey"]
[Result "0-1"]
[WhiteElo "2081"]
[BlackElo "2541"]
[TimeControl "180+1"]
[EndTime "8:05:50 PDT"]
[Termination "Semetey won on time"]

1. e4 a6 2. d4 b5 3. Bd3 Bb7 4. Nf3 e6 5. O-O c5 6. c3 Nf6 7. Qe2 cxd4 8. cxd4 d5 9. e5 Ne4 10. Nbd2 Nxd2 11. Bxd2 Be7 12. Rac1 Nc6 13. a3 O-O 14. b4 Rc8 15. Rc2 Qb6 16. Be3 Rc7 17. Rfc1 Rfc8 18.
Qd2 a5 19. bxa5 Nxa5 20. Rxc7 Rxc7 21. Rxc7 Qxc7 22. Qc1 Nc4 23. Bxc4 dxc4 24. Bd2 Bxf3 25. gxf3 Qa7 26. Bb4 Bxb4 27. axb4 h6 28. Qc3 Qa4 29. Kg2 Qb3 30. Qa1 Qxb4 31. Qa8+ Kh7 32. d5 exd5 33.
Qxd5 Qb1 34. Qd4 Qg6+ 35. Kf1 Qc6 36. Qc3 Qc5 37. f4 b4 38. Qc2+ Kg8 39. Qe4 c3 0-1

[Event "Early-Titled-Tuesday-Blitz-October-17-2023"]
[Site "Chess.com"]
[Date "2023.10.17"]
[Round "1"]
[White "Aygehovit1992"]
[Black "Roedor"]
[Result "1-0"]
[WhiteElo "2691"]
[BlackElo "2412"]
[TimeControl "180+1"]
[EndTime "8:05:52 PDT"]
[Termination "Aygehovit1992 won by resignation"]

1. e4 e5 2. Nf3 Nc6 3. Bc4 Bc5 4. d3 Nf6 5. Bg5 h6 6. Bh4 Be7 7. a4 a5 8. Nc3 d6 9. h3 O-O 10. g4 Be6 11. Rg1 Nh7 12. Bxe7 Nxe7 13. h4 Bxc4 14.
dxc4 Ng6 15. g5 h5 16. Nd2 Nf4 17. Nd5 g6 18. Nxf4 exf4 19. Qf3 f6 20. gxf6 Qxf6 21. Qxh5 Kg7 22. O-O-O Rae8 23. Qxa5 Ra8 24. Qb4 c5 25. Qxb7+ Kh8 26. e5 Qxe5 27. Rde1 Rfb8 28. Qxb8+ Rxb8 29. Rxe5 dxe5 30. Rxg6 Re8 31. Ne4 Rd8 32. a5 Rd4 33.
Nd6 Nf8 34. Rf6 Kg7 35. Ne8+ Kg8 36. a6 Rxc4 37. b3 Rd4 38. a7 Rd8 39. Nc7 Kg7 40. Rxf8 Kxf8 41. Ne6+ 1-0

[Event "Early-Titled-Tuesday-Blitz-October-17-2023"]
[Site "Chess.com"]
[Date "2023.10.17"]
[Round "1"]
[White "balachess2006"]
[Black "DKmirl"]
[Result "1-0"]
[WhiteElo "2604"]
[BlackElo "2277"]
[TimeControl "180+1"]
[EndTime "8:05:52 PDT"]
[Termination "balachess2006 won by resignation"]

1. Nf3 Nf6 2. c4 d5 3. cxd5 Nxd5 4. e4 Nf6 5. Nc3 Nc6 6. d4 e6 7. d5 Nb8 8. Bb5+ Bd7 9. Bxd7+ Qxd7 10. O-O exd5 11.
exd5 Be7 12. Ne5 Qd8 13. Qa4+ Nbd7 14. Bf4 O-O 15. Rfe1 Nxe5 16. Bxe5 Bd6 17. Qc4 Re8 18. Bxd6 Qxd6 19. Qb5 Qf4 20. h3 b6 21. Qc6 g5 22.
Nb5 g4 23. Qxc7 Qd2 24. Qc3 Qxd5 25. Nc7 Rxe1+ 26. Rxe1 Qf5 27. Nxa8 Ne4 28. Qe3 gxh3 29. Qxe4 Qg5 30. Qe8+ Kg7 31. Qe5+ Qxe5 32. Rxe5 1-0

[Event "Early-Titled-Tuesday-Blitz-October-17-2023"]
[Site "Chess.com"]
[Date "2023.10.17"]
[Round "1"]
[White "FoxOnTheRun97"]
[Black "lluiss"]
[Result "1-0"]
[WhiteElo "2552"]
[BlackElo "2145"]
[TimeControl "180+1"]
[EndTime "8:05:54 PDT"]
[Termination "FoxOnTheRun97 won by resignation"]

1. d4 Nf6 2. Bg5 e6 3. e4 h6 4.
Bxf6 Qxf6 5. c3 d5 6. Bd3 c5 7. e5 Qd8 8. Ne2 Nc6 9. Nd2 Qb6 10. Qb3 c4 11. Qxb6 axb6 12. Bc2 b5 13. O-O b4 14. f4 g6 15. g4 h5 16. f5 gxf5 17.
gxf5 Bh6 18. Nf3 Bd7 19. a3 b3 20. Bd1 O-O-O 21. Ng3 Rdg8 22. Kh1 Bf4 23. Rg1 Bxg3 24. Rxg3 Rxg3 25. hxg3 Rg8 26. Kh2 exf5 27. Nh4 Ne7 28. Bxh5 f4 29. Bxf7 fxg3+ 30. Kg2 Rh8 31. Kxg3 Nf5+ 32. Nxf5 Bxf5 33. Bxd5 Rh3+ 34. Kf4 Bd3 35.
Be6+ Kd8 36. Bxh3 1-0

[Event "Early-Titled-Tuesday-Blitz-October-17-2023"]
[Site "Chess.com"]
[Date "2023.10.17"]
[Round "1"]
[White "Sina_Movahed"]
[Black "only_strong_moves"]
[Result "1-0"]
[WhiteElo "3001"]
[BlackElo "2517"]
[TimeControl "180+1"]
[EndTime "8:05:55 PDT"]
[Termination "Sina_Movahed won by resignation"]

1. e4 e5 2. Nf3 Nc6 3. Bb5 Nf6 4. O-O Nxe4 5. Re1 Nd6 6. Nxe5 Be7 7. Bd3 Nxe5 8. Rxe5 O-O 9. Nc3 Bf6 10. Re3 g6 11. Nd5 Bg7 12. c3 Re8 13. Bc2 c6 14. Nf4 Nc4 15.
Rxe8+ Qxe8 16. d3 Nb6 17. a4 d5 18. a5 Nd7 19. a6 b6 20. Be3 Ne5 21. h3 h6 22. Qd2 Kh7 23. Re1 Qd8 24. Bd4 Qd6 25.
Qe3 f6 26. Qg3 c5 27. Be3 d4 28. cxd4 cxd4 29. Bd2 Qc6 30. Bb3 Qb5 31. Bd5 Rb8 32. Rxe5 fxe5 33. Qxg6+ Kh8 34. Be4 Kg8 35. Nd5 Kf8 36.
Qd6+ 1-0

[Event "Early-Titled-Tuesday-Blitz-October-17-2023"]
[Site "Chess.com"]
[Date "2023.10.17"]
[Round "1"]
[White "RamonManon0g"]
[Black "DTChess"]
[Result "1/2-1/2"]
[WhiteElo "2334"]
[BlackElo "2620"]
[TimeControl "180+1"]
[EndTime "8:05:55 PDT"]
[Termination "Game drawn by repetition"]

1. e4 c6 2. d4 d5 3. e5 Bf5 4. Nd2 e6 5. Nb3 Nd7 6. Nf3 h6 7. Be2 g5 8. O-O Ne7 9. c3 Bg7 10. h3 O-O 11. Bd3 Qc7 12. Be3 Rae8 13. Qc2 Bxd3 14. Qxd3 f6 15. exf6 Bxf6 16. Nh2 e5 17. f3 b6 18. Rae1 Bg7 19. Ng4 Nf5 20. Bf2 Qd6 21. Re2 c5 22. dxe5 Nxe5 23. Nxe5 Bxe5 24. Nd2 Bh2+ 25. Kh1 c4 26. Nxc4 dxc4 27. Qxc4+ Kg7 28. Rxe8 Rxe8 29. Qg4 Rf8 30. h4 Bf4 31. h5 Ng3+ 32. Bxg3 Bxg3 33. Qe4 Qf4 34. Qg6+ Kh8 35. Qxh6+ Kg8 36. Qg6+ Kh8 37. Qh6+ Kg8 38. Qg6+ Kh8 39.
Qh6+ 1/2-1/2

[Event "Early-Titled-Tuesday-Blitz-October-17-2023"]
[Site "Chess.com"]
[Date "2023.10.17"]
[Round "1"]
[White "Felix-Rose"]
[Black "RandomNoob04"]
[Result "0-1"]
[WhiteElo "2312"]
[BlackElo "2621"]
[TimeControl "180+1"]
[EndTime "8:05:55 PDT"]
[Termination "RandomNoob04 won on time"]

1. e4 e5 2. Nf3 Nf6 3. Nxe5 Nc6 4. Nxc6 dxc6 5. d3 Bc5 6. Be2 h5 7. h3 Qd4 8. O-O Qe5 9. Nc3 Ng4 10. Bxg4 hxg4 11. d4 Bxd4 12. Bf4 Qf6 13. Ne2 Bb6 14. e5 Qg6 15. Qd3 Bf5 16. Qg3 gxh3 17. Qxg6 Bxg6 18.
e6 Be4 19. exf7+ Kxf7 20. gxh3 Rxh3 21. Ng3 Bf3 22. Be3 Rah8 0-1

[Event "Early-Titled-Tuesday-Blitz-October-17-2023"]
[Site "Chess.com"]
[Date "2023.10.17"]
[Round "1"]
[White "Rital44"]
[Black "AradNazari"]
[Result "0-1"]
[WhiteElo "2498"]
[BlackElo "2860"]
[TimeControl "180+1"]
[EndTime "8:05:56 PDT"]
[Termination "AradNazari won by resignation"]

1. d4 Nf6 2. c4 g6 3. Nf3 Bg7 4. Nc3 d5 5. Bg5 Ne4 6. Bh4 Nxc3 7. bxc3 dxc4 8. e3 b5 9. Qb1 c6 10. Be2 O-O 11. O-O a6 12. a4 Qc7 13. Rd1 Nd7 14.
Bxe7 Re8 15. Bh4 Nb6 16. Bg3 Qb7 17. Ne5 Nxa4 18. Rxa4 bxa4 19. Bxc4 Bxe5 20. Bxe5 Qxb1 21. Rxb1 Be6 22. Bxe6 Rxe6 23. Ra1 c5 24. Rxa4 cxd4 25. cxd4 Rb6 26. h3 a5 27. d5 Rb4 28. Ra3 a4 29. Kf1 f5 30. Ke2 Rb5 31. Rd3 a3 32. Bf6 Kf7 33. Ba1 Rb1 34. Be5 a2 35. d6 a1=Q 36. Bxa1 Rbxa1 37. d7 Rd8 0-1